 Dungeon Crawl Stone Soup version 0.26-a0-665-gefeb406119 (webtiles) character file.

Game seed: 1884026121862135019

2409 Elric the Frost Mage (level 9, -1/64 HPs)
             Began as a Green Draconian Ice Elementalist on Oct 14, 2020.
             Was a Believer of Vehumet.
             Slain by Harold
             ... wielding a +0 war axe
              (15 damage)
             ... on level 7 of the Dungeon.
             The game lasted 00:19:09 (8338 turns).

Elric the Frost Mage (DrIE)                         Turns: 8338, Time: 00:19:10

Health: -1/64      AC:  9    Str: 10    XL:     9   Next: 23%
Magic:  0/17       EV: 12    Int: 20    God:    Vehumet [**....]
Gold:   601        SH:  0    Dex: 11    Spells: 6/18 levels left

rFire    + . .     SeeInvis .   n - +2 falchion (holy)
rCold    . . .     Faith    .   (no shield)
rNeg     . . .     Spirit   .   (armour unavailable)
rPois    +         Reflect  .   (helmet restricted)
rElec    .         Harm     .   (no cloak)
rCorr    .         Rampage  .   q - +1 pair of gloves
MR       .....                  (no boots)
Stlth    ++........             (no amulet)
HPRegen  0.20/turn              f - ring of wizardry
MPRegen  0.15/turn              g - ring of protection from fire

@: no status effects
A: breathe noxious fumes, unfitting armour, poison resistance, cold-blooded, AC
+7
a: Breathe Noxious Fumes, Renounce Religion


You were on level 7 of the Dungeon.
You worshipped Vehumet.
Vehumet was pleased with you.
You visited 2 branches of the dungeon, and saw 8 of its levels.
You also visited: Ossuary.

You collected 601 gold pieces.

Inventory:

Hand Weapons
 n - a +2 falchion of holy wrath (weapon)
Armour
 q - a +1 pair of gloves (worn)
Jewellery
 f - a ring of wizardry (left hand)
 g - a ring of protection from fire (right hand)
 i - an uncursed ring of positive energy
 p - an uncursed ring of resist corrosion
Wands
 o - a wand of random effects (24)
 x - a wand of disintegration (10)
 B - a wand of polymorph (9)
Scrolls
 a - a scroll of fear {unknown}
 b - 5 scrolls of teleportation
 j - a scroll of noise {unknown}
 k - 6 scrolls of remove curse {unknown}
 l - 2 scrolls of immolation {unknown}
 m - a scroll of random uselessness {unknown}
 t - 2 scrolls of identify
 v - a scroll of fog {unknown}
 w - a scroll of blinking {unknown}
 y - a scroll of vulnerability {unknown}
 z - a scroll of enchant armour {unknown}
Potions
 c - 3 potions of brilliance
 d - a potion of resistance
 e - 2 potions of heal wounds
 h - a potion of lignification {unknown}
 r - a potion of magic {unknown}
 s - 2 potions of curing {unknown}
 u - 2 potions of degeneration {unknown}
 A - a potion of mutation {unknown}
 C - a potion of haste {unknown}


   Skills:
 - Level 1.1 Fighting
 - Level 1.0 Long Blades
 - Level 2.2 Dodging
 - Level 2.1 Stealth
 - Level 0.2 Unarmed Combat
 - Level 5.4 Spellcasting
 + Level 4.3 Conjurations
 * Level 6.3 Summonings
 - Level 8.3 Ice Magic


You had 6 spell levels left.
You knew the following spells:

 Your Spells              Type           Power        Failure   Level
a - Freeze                Ice            ####         1%          1
b - Frozen Ramparts       Ice            #####.       1%          3
c - Summon Ice Beast      Ice/Summ       ####....     2%          4
d - Hailstorm             Conj/Ice       ####....     3%          4

Your spell library contained the following spells:

 Spells                   Type           Power        Failure   Level
 Shock                    Conj/Air       ##..         1%          1
 Magic Dart               Conj           ###.         1%          1
 Call Imp                 Summ           ####....     1%          2
 Ozocubu's Armour         Ice            #####...     1%          3
 Conjure Flame            Conj/Fire      ##......     6%          3
 Blink                    Tloc           N/A          7%          2
 Slow                     Hex            #.......     7%          2
 Mephitic Cloud           Conj/Pois/Air  ##......     8%          3
 Confusing Touch          Hex            #.......     13%         3
 Gell's Gravitas          Tloc           #.........   13%         3
 Metabolic Englaciation   Hex/Ice        ###.......   22%         5
 Petrify                  Tmut/Erth      #.......     38%         4
 Yara's Violent Unravell  Hex/Tmut       #.........   73%         5


Dungeon Overview and Level Annotations

Branches:
Dungeon (7/15)             Temple (1/1) D:4         Ossuary (visited)

Altars:
Ashenzari
Cheibriados
Dithmenos
Elyvilon
Gozag
Hepliaklqana
Kikubaaqudgha
Makhleb
Nemelex Xobeh
Okawaru
Ru
Sif Muna
Trog
Uskayaw
Vehumet
Wu Jian
Xom
Yredelemnul
Zin
The Shining One

Shops:
D:4 [*(   D:5 [[[([   D:6 *

Annotations:
D:5 3 runed translucent doors, Tman's ghost, amateur TrDe
D:7 Harold


Innate Abilities, Weirdness & Mutations

You can breathe blasts of noxious fumes.
Your lurid green scales are hard. (AC +7)
You cannot fit into any form of body armour.
Your system is resistant to poisons. (rPois)
You are cold-blooded and may be slowed by cold attacks.


Message History

The wall freezes something.
The white imp resists.
The wall freezes the white imp.
Your ice beast hits the white imp.
Your ice beast freezes the white imp.
The white imp resists.
The white imp dies!
Vehumet accepts your kill.
The wall freezes something.
Your ice beast hits something but does no damage.
The frozen ramparts melt away.
Something hits you! Something hits your ice beast!
Your ice beast hits something but does no damage.
You hear some strange, mumbled words.
A harpoon shot appears from out of thin air!
The harpoon shot hits you!
* * * LOW HITPOINT WARNING * * *
You are yanked forward by the harpoon shot.
Your ice beast barely misses something.
Casting: Summon Ice Beast (dangerous; 2% risk of failure)
Confirm with . or Enter, or press ? or * to list all spells.
A chill wind blows around you. Something hits you!
You die...

(..#....##########...##
##..###...#########
#..... ...
#...........( ....## ..
#...######### #..... .
# #. #...# ...##
..#.##. #<..#
.......####...#
.......[..(Y..########
#####
....!$..###Y{@........
..>(. ........#
############ #####
........# .......##
..#...# # ####


You could see 2 friendly ice beasts.

Vanquished Creatures
  2 orc warriors (D:6)
  5 sky beasts
  An ice beast (D:6)
  3 ogres
  A bullfrog (D:6)
  3 scorpions
  2 vampire bats (D:7)
  A wight (D:6)
  5 howler monkeys
  2 bullfrog zombies
  2 centaur skeletons
  A bullfrog skeleton (D:7)
  An orc priest (D:5)
  4 hounds
  Jessica (D:2)
  2 orc wizards
  7 worker ants
  A nameless horror (D:6)
  A hound zombie (D:7)
  A mummy (Ossuary)
  9 adders
  A shadow imp (D:6)
  2 oozes
  An adder skeleton (D:6)
  A worm (D:2)
  3 dart slugs
  3 leopard geckos
  20 orcs
  4 bat skeletons (D:7)
  2 bat zombies (D:7)
  16 giant cockroaches
  2 gnoll zombies (Ossuary)
  6 goblins
  5 hobgoblins
  4 jackals
  5 quokkas
  4 ball pythons
  11 bats
  4 frilled lizards
  A giant cockroach zombie (D:6)
  A hobgoblin zombie (Ossuary)
  5 kobolds
  4 orc zombies (Ossuary)
  A quokka zombie (D:7)
  12 rats
  A rat zombie (D:7)
174 creatures vanquished.

Vanquished Creatures (collateral kills)
  A phantom (D:7)
  A scorpion (D:6)
  2 wights (D:6)
  2 orc wizards (D:6)
  An orc priest (D:6)
  A worker ant (D:6)
  A big kobold zombie (Ossuary)
  A mummy (Ossuary)
  A white imp (D:7)
  An adder zombie (D:6)
  An orc (D:6)
  A goblin zombie (Ossuary)
  3 hobgoblin zombies (Ossuary)
  2 orc zombies (Ossuary)
19 creatures vanquished.

Grand Total: 193 creatures vanquished

Notes
Turn   | Place    | Note
-------+----------+-------------------------------------------
     0 | D:1      | Elric the Draconian Ice Elementalist began the quest for
                  | the Orb.
     0 | D:1      | Reached XP level 1. HP: 14/14 MP: 3/3
   214 | D:1      | Reached XP level 2. HP: 20/20 MP: 3/5
   801 | D:1      | Reached XP level 3. HP: 26/27 MP: 4/6
   804 | D:1      | Reached skill level 1 in Fighting
  1113 | D:2      | Learned a level 3 spell: Frozen Ramparts
  1205 | D:2      | Found a faded altar of an unknown god.
  1505 | D:2      | Noticed Jessica
  1517 | D:2      | Killed Jessica
  1517 | D:2      | Reached skill level 5 in Ice Magic
  1517 | D:2      | Reached XP level 4. HP: 24/35 MP: 0/7
  2396 | D:3      | Reached XP level 5. HP: 36/40 MP: 5/9
  2512 | D:3      | Found a sparkling altar of Nemelex Xobeh.
  2514 | D:3      | Found a snail-covered altar of Cheibriados.
  2517 | D:3      | Found an opulent altar of Gozag.
  3043 | D:4      | Found Daged's Weapon Shoppe.
  3145 | D:4      | Found a shadowy altar of Dithmenos.
  3152 | D:4      | Reached XP level 6. HP: 43/47 MP: 7/11
  3219 | D:4      | Reached skill level 1 in Long Blades
  3219 | D:4      | Reached skill level 6 in Ice Magic
  3382 | D:4      | Found Gejosaust's Assorted Antiques.
  3412 | D:4      | Found a staircase to the Ecumenical Temple.
  3425 | Temple   | Entered the Ecumenical Temple
  3607 | Temple   | Became a worshipper of Vehumet
  3880 | D:4      | Found Zufuf's Armour Shop.
  4499 | D:4      | Learned a level 4 spell: Summon Ice Beast
  4504 | D:4      | Learned a level 4 spell: Hailstorm
  4571 | D:5      | Entered Level 5 of the Dungeon
  4596 | D:5      | Found a bloodstained altar of Trog.
  4638 | D:5      | Found Zokaf's Antique Armour Shop.
  4730 | D:5      | Found Huimeag's Antique Weapon Boutique.
  4778 | D:5      | Found Xufida's Antique Armour Boutique.
  4790 | D:5      | Your scales start taking on a lurid green colour.
  4790 | D:5      | Reached XP level 7. HP: 48/52 MP: 10/13
  4790 | D:5      | Gained mutation: Your system is resistant to poisons.
                  | (rPois) [Green Draconian growth]
  4964 | D:5      | Reached skill level 7 in Ice Magic
  5264 | D:5      | Reached skill level 5 in Spellcasting
  5350 | D:5      | Found a runed translucent gate.
  5350 | D:5      | Found a runed translucent gate.
  5352 | D:5      | Found a runed translucent gate.
  5352 | D:5      | Noticed Tman's ghost (amateur TrDe)
  5444 | D:5      | Found Qymy's Antique Armour Shoppe.
  5509 | D:5      | Found a basalt altar of Yredelemnul.
  5600 | D:5      | Found Ifiduer's Armour Shop.
  5671 | D:5      | Reached skill level 8 in Ice Magic
  5767 | D:6      | Reached XP level 8. HP: 59/59 MP: 14/16
  5784 | D:6      | Found a sacrificial altar of Ru.
  6029 | D:6      | Reached skill level 1 in Summonings
  6195 | D:6      | Reached skill level 1 in Conjurations
  6611 | D:6      | Reached * piety under Vehumet
  6611 | D:6      | Offered knowledge of Sandblast by Vehumet.
  6845 | D:6      | Found Huykh's Assorted Antiques.
  7111 | D:6      | Found a burning altar of Makhleb.
  7364 | D:7      | Found a sand-covered staircase.
  7371 | Ossuary  | Entered an ossuary
  7681 | D:7      | Found an ancient bone altar of Kikubaaqudgha.
  7690 | D:7      | Reached skill level 5 in Summonings
  7766 | D:7      | Found an iron altar of Okawaru.
  7767 | D:7      | Found a shimmering blue altar of Sif Muna.
  7904 | D:7      | Reached XP level 9. HP: 64/64 MP: 15/17
  8189 | D:7      | Reached ** piety under Vehumet
  8189 | D:7      | Offered knowledge of Shock by Vehumet.
  8305 | D:7      | Noticed Harold
  8338 | D:7      | Slain by Harold

Illustrated notes

Levels and vault maps discovered:
D:1:      dpeg_arrival_water_temple_mockup, layout_rooms
D:2:      minmay_roachtagon, layout_basic,
          chequers_ecumenical_altar_simple_redux, dk_noncrumbling_2,
          minmay_worlds_worst_comb, uniq_jessica
D:3:      layout_basic, grunt_temple_overflow_open, hex_intersection,
          st_stairs_4
D:4:      layout_gridville, nicolae_dithmenos_shadow_blocks,
          minmay_temple_entry_mini_moons, serial_shops, shop,
          nicolae_shop_crystal, kennysheep_mini_moat
D:5:      minmay_chambers_of_fours, layout_basic, bloody_trog,
          yredelemnul_altar_generic, serial_shops, shop, nicolae_shop_trees,
          shop, shop_statue, shop, gammafunk_ghost_split, grunt_decor_cap
D:6:      layout_loops_cross, kennysheep_little_box, overflow_temple_1_default,
          serial_shops, shop
D:7:      layout_rooms, kennysheep_vampire_church,
          chequers_temple_overflow_statue_of_worship, enter_ossuary_4,
          uniq_harold
Temple:   nicolae_temple_figure_zero

Skill      XL: |  1  2  3  4  5  6  7  8  9 |
---------------+----------------------------+-----
Fighting       | 1 |  1.1
Dodging        | 2 |  2.2
Ice Magic      | 5 6 8 |  8.3
Spellcasting   | 3 4 5 |  5.4
Stealth        | 2 |  2.1
Long Blades    | 1 |  1.0
Summonings     | 5 6 |  6.3
Conjurations   | 3 4 |  4.3
Unarmed Combat | |  0.2

Action                   |  1- 3 |  4- 6 |  7- 9 || total
-------------------------+-------+-------+-------++-------
Melee: Unarmed           |    11 |     8 |       ||    19
       Tailslap          |     2 |     2 |    20 ||    24
       Falchion          |       |    11 |   107 ||   118
 Cast: Freeze            |    55 |    67 |     6 ||   128
       Frozen Ramparts   |     2 |    12 |    41 ||    55
       Summon Ice Beast  |       |       |    23 ||    23
       Hailstorm         |       |       |     1 ||     1
 Abil: Breathe Noxious F |       |       |     3 ||     3
Evoke: Wand              |       |       |     2 ||     2
  Use: Scroll            |       |     9 |       ||     9
 Stab: Sleeping          |       |       |     1 ||     1
Armor: Skin              |    25 |    29 |    72 ||   126
Dodge: Dodged            |    47 |    71 |   123 ||   241
       Rpst.: Falchion   |       |    18 |    41 ||    59

Table legend: (Time is in decaauts)
 A = Elapsed time spent in this place.
 B = Non-inter-level travel time spent in this place.
 C = Inter-level travel time spent in this place.
 D = Time resting spent in this place.
 E = Time spent auto-exploring this place.
 F = Levels seen in this place.
 G = Mean time per level.
                   A        B        C        D        E       F      G
               +--------+--------+--------+--------+--------+-----+--------+
         Total |   8366 |   8152 |    214 |      0 |   6523 |   9 |  929.6 |
       Dungeon |   7904 |   7690 |    214 |      0 |   6247 |   7 | 1129.1 |
        Temple |    194 |    194 |      0 |      0 |    107 |   1 |  194.0 |
       Ossuary |    267 |    267 |      0 |      0 |    169 |   1 |  267.0 |
               +--------+--------+--------+--------+--------+-----+--------+

Top non-repeatable levels by time:
     D:6: 1560 daAuts
     D:4: 1335 daAuts
     D:5: 1186 daAuts
     D:2: 1075 daAuts
     D:3: 996 daAuts
     D:1: 970 daAuts
     D:7: 781 daAuts
 Ossuary: 267 daAuts
  Temple: 194 daAuts
